 Dungeon Crawl Stone Soup version 0.27.1-4-g1640c2035a (webtiles) character file.

Game seed: 1083588465590960269

104 unlimited1921 the Skirmisher (level 4, -1/45 HPs)
             Began as a Troll Fighter on Nov 16, 2021.
             Slain by a hobgoblin (5 damage)
             ... led by Robin
             ... on level 3 of the Dungeon.
             The game lasted 00:08:23 (1806 turns).

unlimited1921 the Skirmisher (Troll Fighter)        Turns: 1806, Time: 00:08:24

Health: -1/45      AC:  4    Str: 25    XL:     4   Next: 52%
Magic:  3/3        EV:  8    Int:  4    God:
Gold:   86         SH:  9    Dex:  9    Spells: 3/3 levels left

rFire    . . .     SeeInvis .   a - +0 long sword
rCold    . . .     Faith    .   c - +0 kite shield
rNeg     . . .     Spirit   .   b - +0 robe
rPois    .         Reflect  .   (helmet restricted)
rElec    .         Harm     .   (no cloak)
rCorr    .         Rampage  .   (gloves unavailable)
Will     .....                  (boots unavailable)
Stlth    +.........             (no amulet)
HPRegen  1.15/turn              (no ring)
MPRegen  0.08/turn              (no ring)

@: mighty
A: large, unfitting armour, claws 3, regeneration 1, shaggy fur 1, tough skin 1
a: no special abilities


You were on level 3 of the Dungeon.
You visited 1 branch of the dungeon, and saw 3 of its levels.

You collected 86 gold pieces.

Inventory:

Hand Weapons
 a - a +0 long sword (weapon)
 e - a +1 dagger of speed
 i - a +3 halberd
 n - a +0 vorpal mace
Missiles
 f - 14 poisoned darts (quivered)
Armour
 b - a +0 robe (worn)
 c - a +0 kite shield (worn)
Scrolls
 g - 2 scrolls of magic mapping {unknown}
 h - 3 scrolls of identify {unknown}
 k - a scroll of enchant armour {unknown}
 m - a scroll of fog {unknown}
 o - a scroll of teleportation {unknown}
Potions
 l - a potion of degeneration {unknown}


   Skills:
 + Level 3.3 Fighting
 - Level 2.1 Long Blades
 - Level 2.8 Dodging
 + Level 0.1 Stealth
 - Level 3.1 Shields


You had 3 spell levels left.
You didn't know any spells.
Your spell library was empty.

Dungeon Overview and Level Annotations

Branches:
Dungeon (3/15)

Altars:
Cheibriados

Annotations:
D:3 Robin


Innate Abilities, Weirdness & Mutations

You are too large for most types of armour.
You have claws for hands.
Your natural rate of healing is unusually fast.
You are covered in fur. (AC +1)
You have tough skin. (AC +1)


Message History

You barely miss the goblin. The goblin barely misses you.
You riposte.
You slash the goblin!
You kill the goblin!
You block the goblin's attack. The goblin misses you.
You riposte.
You barely miss the goblin. The hobgoblin hits you.
* * * LOW HITPOINT WARNING * * *
You block the goblin's attack. The goblin hits you with a +0 club.
* * * LOW HITPOINT WARNING * * *
The hobgoblin hits you.
* * * LOW HITPOINT WARNING * * *
The hobgoblin hits you.
* * * LOW HITPOINT WARNING * * *
The goblin closely misses you.
It was a potion of curing.
You feel better.
The goblin no longer looks unusually strong.
The goblin hits you with a +0 club.
* * * LOW HITPOINT WARNING * * *
You block the goblin's attack. The hobgoblin hits you.
* * * LOW HITPOINT WARNING * * *
The goblin hits you but does no damage. The hobgoblin barely misses you.
You closely miss the goblin.
The hobgoblin no longer looks unusually strong.
The goblin hits you with a +0 club.
* * * LOW HITPOINT WARNING * * *
The goblin closely misses you.
The hobgoblin hits you but does no damage.
The goblin hits you but does no damage. The hobgoblin closely misses you.
The goblin hits you but does no damage.
You slice the goblin!!
You kill the goblin!
The goblin no longer looks unusually strong. x2
You block the hobgoblin's attack. x2; The goblin hits you with a +0 dagger.
* * * LOW HITPOINT WARNING * * *
The goblin barely misses you.
You riposte.
You barely miss the goblin.
The goblin is heavily wounded.
Robin throws the goblin at you!
* * * LOW HITPOINT WARNING * * *
The hobgoblin hits you but does no damage.
The goblin hits you but does no damage. The hobgoblin hits you.
You die...

#.......####...........'....#
#####'###.......########...###
#.###.##.##.### #...# #
#......#...... #...# #
######.#....### #...# #
#.........# ##### #
#.#.##....# # #.#.g.gg### . #
#..#@######.# ## ##.#ggg.....#
### #..g..###### #.. #.....#
#.. #.....## #.. #......# ###
##.....# #.....# #.......


You could see Robin, 3 hobgoblins and 3 goblins.

Vanquished Creatures
  3 adders
  4 gnolls (D:2)
  2 dart slugs
  3 endoplasms
  2 giant cockroaches
  7 goblins
  A hobgoblin (D:3)
  A quokka (D:1)
  5 ball pythons
  2 frilled lizards (D:1)
  5 kobolds
  4 rats
39 creatures vanquished.

Notes
Turn   | Place    | Note
-------+----------+-------------------------------------------
     0 | D:1      | unlimited1921 the Troll Fighter began the quest for the
                  | Orb.
     0 | D:1      | Reached XP level 1. HP: 22/22 MP: 0/0
   212 | D:1      | Reached XP level 2. HP: 29/29 MP: 1/1
   866 | D:2      | Reached XP level 3. HP: 29/36 MP: 2/2
  1202 | D:2      | Found a snail-covered altar of Cheibriados.
  1410 | D:2      | Reached XP level 4. HP: 40/44 MP: 3/3
  1785 | D:3      | Noticed Robin
  1803 | D:3      | HP: 1/45 [hobgoblin[Robin] (5)]
  1806 | D:3      | Slain by a hobgoblin

Illustrated notes

Levels and vault maps discovered:
D:1:      ebering_trefoil_3fold, layout_loops_cross,
          minmay_misc_feat_four_crosses, minmay_misc_feat_plants,
          minmay_liquid_box, minivault_14, chequers_serial_rivers_large_a
D:2:      layout_loops_ring, basic_altar
D:3:      layout_basic, ebering_ecumenical_altar_webs, wad_floor_pattern_2,
          minmay_fountain_box, hex_tiny, uniq_robin

Skill      XL: |  1  2  3  4 |
---------------+-------------+-----
Long Blades    | 2 |  2.1
Shields        | 3 |  3.1
Fighting       | 3 |  3.3
Dodging        | |  2.8
Stealth        | |  0.1

Action                   |  1- 3 |  4- 6 || total
-------------------------+-------+-------++-------
Melee: Long sword        |    85 |    45 ||   130
Throw: Dart              |     1 |       ||     1
  Use: Potion            |       |     2 ||     2
Armor: Robe              |    20 |    29 ||    49
Dodge: Dodged            |    26 |    22 ||    48
Block: Kite shield       |    50 |    41 ||    91
       Rpst.: Long sword |     4 |     6 ||    10
